 Dungeon Crawl Stone Soup version 0.29.1-2-gbd0b4ee654 (webtiles) character file.

Game seed: 14897431804514555766

3717 Avanven the Transmogrifier (level 9, -11/68 HPs)
             Began as a Purple Draconian Transmuter on Nov 17, 2022.
             Was a Believer of Hepliaklqana.
             Mangled by an orc warrior
             ... wielding a +0 glaive
              (20 damage)
             ... in a bailey.
             The game lasted 00:26:06 (10531 turns).

Avanven the Transmogrifier (DrTm)                  Turns: 10531, Time: 00:26:06

Health: -11/68     AC:  8    Str: 13    XL:     9   Next: 92%
Magic:  19/19      EV: 10    Int: 17    God:    Hepliaklqana [**....]
Gold:   522        SH:  0    Dex: 12    Spells: 14/22 levels left

rFire   x . .      SeeInvis +     - Unarmed
rCold   + + +      Faith    .   (shield currently unavailable)
rNeg    . . .      Spirit   .   (body armour unavailable)
rPois   +          Reflect  .   (helmet currently unavailable)
rElec   .          Harm     .   (cloak currently unavailable)
rCorr   .          Rampage  .   (gloves currently unavailable)
Will    +....                   (boots currently unavailable)
Stlth   +.........              (no amulet)
HPRegen 0.21/turn               c - ring of see invisible
MPRegen 0.16/turn               (no ring)

@: ice-form, hasted, very quick
A: freezing attack, amphibious, boosted hp, reduced essence, (breathe power), AC
+7, large, unfitting armour, (cold-blooded)
a: End Transformation, Renounce Religion, Recall Ancestor, Ancestor Identity


You were in a bailey.
You worshipped Hepliaklqana.
Hepliaklqana was pleased with you.
You were a creature of crystalline ice.
You visited 2 branches of the dungeon, and saw 9 of its levels.
You also visited: Bailey.

You collected 522 gold pieces.

Inventory:

Missiles
 r - a throwing net
Armour
 l - a +0 hat of willpower (melded)
 o - a +0 pair of boots (melded)
Jewellery
 c - a ring of see invisible (left front paw)
 s - a +6 ring of dexterity
 t - a ring of poison resistance
Wands
 g - a wand of acid (3)
 h - a wand of polymorph (9)
 i - a wand of charming (6)
 j - a wand of mindburst (10)
Scrolls
 e - 4 scrolls of teleportation
 k - a scroll of fear
 q - 2 scrolls of identify
 v - a scroll of amnesia {unknown}
 w - a scroll of silence
Potions
 a - 4 potions of brilliance
 d - a potion of haste
 f - 3 potions of curing
 n - 3 potions of mutation {unknown}
 p - 2 potions of might {unknown}
 u - a potion of attraction {unknown}


   Skills:
 - Level 1.1 Fighting
 - Level 1.7 Dodging
 + Level 5.8 Unarmed Combat
 - Level 7.0 Spellcasting
 * Level 12.0 Transmutations


You had 14 spell levels left.
You knew the following spells:

 Your Spells              Type           Power      Damage    Failure   Level
a - Beastly Appendage     Tmut           94%        N/A       1%          1
b - Spider Form           Tmut/Pois      26%        N/A       3%          3
c - Ice Form              Ice/Tmut       26%        N/A       10%         4

Your spell library contained the following spells:

 Spells                   Type           Power      Damage    Failure   Level
 Sting                    Tmut/Pois      100%       1d8       1%          1
 Wereblood                Tmut           47%        N/A       1%          2
 Petrify                  Tmut/Erth      26%        N/A       10%         4
 Shock                    Conj/Air       20%        1d4       12%         1
 Slow                     Hex            20%        N/A       12%         1
 Poisonous Vapours        Pois/Air       10%        N/A       17%         2
 Confusing Touch          Hex            5%         N/A       34%         3
 Swiftness                Air            5%         N/A       34%         3
 Vampiric Draining        Necr           5%         2d6       34%         3
 Airstrike                Air            2%         2d(1-17)  75%         4
 Hailstorm                Conj/Ice       5%         3d4       75%         4
 Olgreb's Toxic Radiance  Pois           5%         N/A       75%         4
 Summon Lightning Spire   Summ/Air       5%         N/A       75%         4
 Statue Form              Tmut/Erth      17%        N/A       83%         6
 Metabolic Englaciation   Hex/Ice        2%         N/A       97%         5
 Simulacrum               Ice/Necr       2%         N/A       100%        6
 Storm Form               Tmut/Air       13%        N/A       100%        7
 Maxwell's Capacitive Co  Air            2%         ∞         100%        8


Dungeon Overview and Level Annotations

Branches:
Dungeon (8/15)             Temple (1/1) D:5          Bailey (1/1)
   Lair: D:8-11

Altars:
Ashenzari
Cheibriados
Dithmenos
Fedhas
Gozag
Hepliaklqana
Kikubaaqudgha
Makhleb
Nemelex Xobeh
Okawaru
Qazlal
Ru
Sif Muna
Trog
Uskayaw
Vehumet
Wu Jian
Xom
Yredelemnul
Zin
The Shining One

Annotations:
D:7 3 runed translucent doors, Labrat's ghost, novice DgCj; aeroqp's ghost, novice NaTm; kdlk's ghost, novice MiBe


Innate Abilities, Weirdness & Mutations

You are a creature of crystalline ice.
You have a powerful freezing melee attack.
You are amphibious.
Your maximum health is increased.
Your armour is entirely melded.
You are incapable of wielding weapons or throwing items.
Your life essence is reduced to manifest your ancestor. (-10% HP)
((You can breathe bolts of dispelling energy.))
((Your rich purple scales are hard. (AC +7)))
You cannot fit into any form of body armour.
((You are cold-blooded and may be slowed by cold attacks.))


Message History

The orc hits you but does no damage.
You hit the orc. You freeze the orc.
The orc is almost dead.
You hit the orc. You freeze the orc.
You kill the orc!
The orc looks very confused.
The orc warrior hits you but does no damage.
Things that are here:
a +0 spear; a +0 scale mail You punch the orc warrior!
You freeze the orc warrior.
The orc warrior is heavily wounded.
The orc warrior barely misses you.
You hit the orc warrior but do no damage.
The orc warrior is heavily wounded.
The orc warrior hits you with a +0 spear!
You hit the orc warrior. You freeze the orc warrior.
The orc warrior is severely wounded.
The orc warrior hits you with a +0 spear.
You punch the orc warrior! You freeze the orc warrior.
You kill the orc warrior!
The orc shouts, "What's happening?!"
An orc warrior comes into view. It is wielding a +0 glaive.
Found 13 gold pieces.
The orc seems less confused.
The orc completely misses you.
Items here: )) [[.
The orc misses you.
There is a large open door here.
You punch the orc! You freeze the orc.
You kill the orc!
The orc warrior hits you from afar with a +0 glaive!
Things that are here:
a +0 spear; a +0 scale mail
Okay, then.
You feel yourself speed up.
The orc warrior hits you from afar with a +0 glaive!
* * * LOW HITPOINT WARNING * * *
You barely miss the orc warrior. The orc warrior misses you.
You barely miss the orc warrior.
The orc warrior hits you with a +0 glaive!!
You die...

##.#$.####')####.$#♣♣♣♣#
#..####...)....####..≈≈#
#...................≈≈≈#
#♣....♣.....)......≈≈≈≈#
♣♣♣♣...#....#...≈≈≈≈≈≈#
#♣♣≈≈≈≈≈#....#≈≈≈≈≈≈≈≈≈#
#≈≈≈≈≈≈≈#....#≈≈≈≈≈≈≈♣♣#
#≈≈≈≈≈≈≈#.o..#≈≈≈≈≈≈.♣
#≈≈≈≈≈≈≈#.Y..#≈≈≈≈...♣
#≈≈≈....#....#......♣♣
#≈≈................♣♣
#♣..♣.♣.......♣♣.#
♣♣............♣.
###............
##..........##
#..........#
#♣..∩..∩..♣#


You could see an orc warrior.

Vanquished Creatures
  Maggie (D:7)
  A komodo dragon (D:8)
  A steam dragon (D:7)
  An acid dragon (D:7)
  3 orc warriors (Bailey)
  A sky beast (D:6)
  3 ice beasts (D:7)
  A centaur (D:6)
  A phantom (D:5)
  A scorpion (D:4)
  A necrophage (D:6)
  A bullfrog (D:5)
  5 killer bees (D:7)
  3 howler monkeys (D:7)
  2 hounds
  A jelly (D:7)
  4 orc priests
  A gnoll bouda (D:3)
  Jessica (D:3)
  Terence (D:2)
  5 iguanas
  8 orc wizards
  Robin (D:3)
  9 gnolls
  10 adders
  A white imp (D:6)
  An ufetubus (D:5)
  5 worms
  A dart slug (D:3)
  24 orcs
  11 ball pythons
  9 bats
  13 endoplasms
  2 giant cockroaches
  15 hobgoblins
  5 quokkas
  3 frilled lizards
  8 goblins
  6 kobolds
  3 rats
  A spectral goblin (D:1)
175 creatures vanquished.

Vanquished Creatures (collateral kills)
  A manticore (D:8)
  2 steam dragons
  A killer bee (D:7)
  2 orcs
  3 goblins (D:8)
9 creatures vanquished.

Vanquished Creatures (others)
  2 hexers
  2 ancestors
  An orc (D:7)
  4 withered plants (D:7)
9 creatures vanquished.

Grand Total: 193 creatures vanquished

Notes
Turn   | Place    | Note
-------+----------+-------------------------------------------
     0 | D:1      | Avanven the Draconian Transmuter began the quest for the
                  | Orb.
     0 | D:1      | Reached XP level 1. HP: 16/16 MP: 3/3
   268 | D:1      | Reached XP level 2. HP: 22/23 MP: 3/5
   589 | D:1      | Found a faded altar of an unknown god.
   821 | D:1      | Reached XP level 3. HP: 28/28 MP: 4/6
  1294 | D:2      | Learned a level 3 spell: Spider Form
  1297 | D:2      | Reached skill level 3 in Transmutations
  1898 | D:2      | Noticed Terence
  1904 | D:2      | Killed Terence
  1905 | D:2      | Reached XP level 4. HP: 19/35 MP: 3/7
  2369 | D:3      | Noticed Robin
  2388 | D:3      | Killed Robin
  2717 | D:3      | Reached skill level 4 in Transmutations
  3001 | D:3      | Reached XP level 5. HP: 36/40 MP: 6/8
  3411 | D:3      | Reached skill level 5 in Transmutations
  3908 | D:3      | Noticed Jessica
  3912 | D:3      | Found a faded altar of an unknown god.
  3915 | D:3      | Found a hazy altar of Hepliaklqana.
  3917 | D:3      | Killed Jessica
  3918 | D:3      | Reached XP level 6. HP: 32/47 MP: 5/9
  4017 | D:3      | Became a worshipper of Hepliaklqana the Forgotten
  4080 | D:4      | Reached skill level 6 in Transmutations
  4130 | D:4      | You fall into a shaft and drop 1 floor!
  4130 | D:5      | Entered Level 5 of the Dungeon
  4877 | D:4      | Your scales start taking on a rich purple colour.
  4877 | D:4      | Reached XP level 7. HP: 52/52 MP: 8/10
  5407 | D:4      | Found a bloodstained altar of Trog.
  5435 | D:4      | Reached skill level 7 in Transmutations
  5857 | D:5      | Learned a level 4 spell: Ice Form
  6223 | D:5      | Found a staircase to the Ecumenical Temple.
  6229 | Temple   | Entered the Ecumenical Temple
  6344 | Temple   | Identified a scroll of acquirement
  6344 | Temple   | Acquired a +0 hat of willpower
  6429 | D:5      | Reached * piety under Hepliaklqana
  6796 | D:6      | Noticed a steam dragon
  6808 | D:6      | Killed a steam dragon
  7215 | D:6      | Reached skill level 8 in Transmutations
  7257 | D:6      | Found a glowing golden altar of the Shining One.
  7257 | D:6      | Found an ornate altar of the Wu Jian Council.
  7310 | D:6      | Reached XP level 8. HP: 36/53 MP: 11/14
  7787 | D:6      | Found a snail-covered altar of Cheibriados.
  8422 | D:7      | Reached skill level 5 in Spellcasting
  8422 | D:7      | Reached skill level 9 in Transmutations
  8664 | D:7      | Found a runed translucent gate.
  8665 | D:7      | Found a runed translucent gate.
  8665 | D:7      | Found a runed translucent gate.
  8668 | D:7      | Noticed kdlk's ghost (novice MiBe)
  8668 | D:7      | Noticed aeroqp's ghost (novice NaTm)
  8668 | D:7      | Noticed Labrat's ghost (novice DgCj)
  8768 | D:7      | Reached skill level 10 in Transmutations
  8973 | D:7      | Reached XP level 9. HP: 57/57 MP: 18/18
  8995 | D:7      | Reached ** piety under Hepliaklqana
  8996 | D:7      | Remembered your ancestor Benio as a hexer
  9100 | D:7      | Noticed Maggie
  9389 | D:7      | Killed Maggie
  9390 | D:7      | Reached skill level 11 in Transmutations
  9660 | D:8      | Noticed a komodo dragon
  9669 | D:8      | Killed a komodo dragon
  9809 | D:8      | Found a hide-covered altar of Uskayaw.
  9811 | D:8      | Found a broken altar of Ashenzari.
  9836 | D:8      | Reached skill level 5 in Unarmed Combat
 10057 | D:8      | Noticed a manticore
 10080 | D:8      | Killed a manticore
 10355 | D:8      | Found a flagged portal.
 10368 | Bailey   | Entered a bailey
 10507 | Bailey   | Reached skill level 12 in Transmutations
 10531 | Bailey   | Mangled by an orc warrior

Illustrated notes

Levels and vault maps discovered:
D:1:      dpeg_arrival_leaves_temple_mockup, layout_loops_ring,
          dreamdust_ecumenical_altar_drowned_temple, nicolae_grassy_gnolls
D:2:      layout_loops_ring, guppyfry_early_lair_pool, uniq_terence
D:3:      minmay_diamond_boxcup, layout_basic,
          beargit_hepliaklqana_dungeon_heroes, minivault_19,
          grunt_ministairs_11, uniq_robin
D:4:      layout_loops_ring, trog_butcher_becter
D:5:      layout_loops_corners, minmay_temple_entry_hall
D:6:      layout_basic, mainiacjoe_overflow_small_starburst,
          nicolae_overflow_two_pavilions, moated_statue, minivault_23
D:7:      layout_rooms, gammafunk_ghost_cemetery, uniq_maggie
D:8:      layout_cave_pods, chequers_temple_overflow_statue_of_worship,
          enter_bailey_5
Temple:   nicolae_temple_superstar
Bailey:   bailey_polearm_elven_captive_hellmonk, bailey

Skill      XL: |  1  2  3  4  5  6  7  8  9 |
---------------+----------------------------+-----
Transmutations | 3 4 5 6 8 10 12 | 12.0
Unarmed Combat | 4 5 |  5.8
Spellcasting   | 4 6 7 |  7.0
Fighting       | |  1.1
Dodging        | |  1.7

Action                   |  1- 3 |  4- 6 |  7- 9 || total
-------------------------+-------+-------+-------++-------
Melee: Unarmed           |    97 |   170 |   211 ||   478
       Kick              |    21 |    20 |    11 ||    52
       Tailslap          |    11 |     7 |     7 ||    25
       Headbutt          |     7 |    16 |     5 ||    28
       Punch             |     1 |     1 |     1 ||     3
 Cast: Beastly Appendage |    28 |    29 |    15 ||    72
       Spider Form       |     1 |     7 |     6 ||    14
       Ice Form          |       |       |    20 ||    20
Invok: Ancestor Identity |       |       |     1 ||     1
       Ancestor Life: He |       |       |     1 ||     1
 Abil: Breathe Dispellin |       |       |     7 ||     7
       End Transformatio |       |       |     1 ||     1
Evoke: Wand              |       |       |     3 ||     3
  Use: Scroll            |     5 |     5 |    11 ||    21
       Potion            |       |     3 |     2 ||     5
 Stab: Sleeping          |       |       |     1 ||     1
       Confused          |       |       |     1 ||     1
Armor: Skin              |    33 |    40 |    50 ||   123
Dodge: Dodged            |    53 |   106 |   116 ||   275
